 Dungeon Crawl Stone Soup version 0.32-a0-953-g508020473e (webtiles) character file.

Game seed: 13469303683437060666

583 DEFE the Shooter (level 7, -11/52 HPs)
             Began as a Coglin Fighter on Apr 16, 2024.
             Mangled by an ogre
             ... wielding a +0 giant spiked club
              (23 damage)
             ... on level 5 of the Dungeon.
             The game lasted 00:03:11 (2926 turns).

DEFE the Shooter (Coglin Fighter)                   Turns: 2926, Time: 00:03:12

Health: -11/52     AC:  7    Str: 17    XL:     7   Next: 37%
Magic:  7/7        EV:  8    Int:  7    God:
Gold:   210        SH:  0    Dex: 15    Spells: 6/6 levels left

rFire   . . .        a - +0 flail {Solveig}
rCold   . . .        g - +1 dagger (drain) {Necuametl}
rNeg    . . .        b - +0 scale mail
rPois   .            p - +0 helmet
rElec   .            (no cloak)
rCorr   .            (no gloves)
SInv    .            (no boots)
Will    .....        (amulet unavailable) Stlth
                     (ring unavailable)
HPRegen 0.28/turn    (ring unavailable)
MPRegen 0.10/turn    (no gizmo)

%: no passive effects
@: revved
A: off-hand wielding, slow wielding, warmup strikes, no jewellery
a: Invent Gizmo


You were on level 5 of the Dungeon.
You visited 1 branch of the dungeon, and saw 5 of its levels.

You collected 210 gold pieces.

Inventory:

Hand Weapons
 a - a +0 flail (weapon) {Solveig}
 e - a +0 sling
 g - a +1 dagger of draining (offhand) {Necuametl}
Missiles
 l - 5 curare-tipped darts (quivered)
Armour
 b - a +0 scale mail (worn)
 c - a +0 buckler
 p - a +0 helmet (worn)
Wands
 k - a wand of flame (21)
 n - a wand of polymorph (13)
 x - a wand of charming (6)
Scrolls
 d - a scroll of enchant weapon
 i - 2 scrolls of noise
 r - a scroll of immolation {unknown}
 w - a scroll of teleportation {unknown}
Potions
 j - a potion of brilliance {unknown}
 o - a potion of mutation {unknown}
 q - 5 potions of enlightenment
 t - 3 potions of ambrosia {unknown}
 u - a potion of curing {unknown}
 v - a potion of invisibility {unknown}
 z - a potion of berserk rage {unknown}


   Skills:
 - Level 3.0 Fighting
 - Level 3.0 Maces & Flails
 + Level 6.4 Ranged Weapons
 - Level 2.6 Armour
 - Level 2.1 Shields


You had 6 spell levels left.
You didn't know any spells.
Your spell library was empty.

Dungeon Overview and Level Annotations

Branches:
Dungeon (5/15)
 Temple: D:4-7

Altars:
Qazlal
Ru


Innate Abilities, Weirdness & Mutations

You can wield a second weapon in your off-hand.
It takes a long time for you to wield or remove held weapons.
Your first few attacks do less damage.
You cannot equip rings or amulets.


Message History

You barely miss the orc priest with your +1 dagger of draining.
The orc priest shouts, "The Pantheon deserves no one's loyalty.
Let us show you the true path!"
The orc priest is moderately wounded.
You hit the orc priest with your +0 flail.
The orc priest shouts, "The Pantheon deserves no one's loyalty.
Let us show you the true path!"
The orc priest invokes the aid of Beogh against you.
Pain shoots through your body!
The orc wizard casts a spell.
The orc wizard flickers and vanishes!
Deactivating autopickup; reactivate with Ctrl-A.
The orc barely misses you.
The orc priest miscasts a cantrip.
Unknown command.
You hit the orc priest with your +1 dagger of draining.
The orc priest is heavily wounded.
The orc priest shouts, "Beogh offers mercy even to people such as you.
Join us and be reborn!"
You sock the orc priest with your +0 flail!
You kill the orc priest!
Your scorpion stings the ogre.
The ogre hits you with a +0 giant spiked club.
* * * LOW HITPOINT WARNING * * *
The orc barely misses you.
Your scorpion stings the ogre.
Your iguana closely misses the ogre.
Unknown command.
You hit the ogre but do no damage.
The ogre is heavily wounded.
You hit the ogre but do no damage. The ogre barely misses you.
Your scorpion stings the ogre.
The orc barely misses you. Something hits you but does no damage.
Unknown command.
Unknown command.
You hit the ogre with your +0 flail.
The ogre is severely wounded.
You hit the ogre with your +1 dagger of draining.
A hound comes into view.
Your scorpion barely misses the ogre.
The orc completely misses you. Something hits you but does no damage.
The orc hits you but does no damage.
Your iguana bites the ogre but does no damage.
The ogre hits you with a +0 giant spiked club!!
You die...

... #....#.....# #..
......##...#.....# ..#
...#..#<.......###
..#...#............#
..#...........B..##
#..................
#..o................
#o................# ..
#.@...............#
...#..Ol..#..B........
......s5..##..........
#.....?...##........
##.#.....###...#.#.#
!.##.##..#.........
.## #.##..Bh5..#....
#. ..##.#......... #..
#.###...#...


You could see an ogre (ally target), a bombardier beetle, a hound, 2 orcs, a
friendly scorpion (summoned), a friendly iguana (summoned) and a friendly white
imp (summoned).

Vanquished Creatures
  2 phantoms
  An orc priest (D:5)
  2 hounds (D:4)
  Jessica (D:2)
  2 iguanas (D:4)
  Natasha (thrice) (D:2)
  Robin (D:3)
  5 gnolls (D:4)
  6 adders
  5 dart slugs
  3 ribbon worms
  5 ball pythons
  An endoplasm (D:4)
  12 goblins
  8 hobgoblins
  6 jackals
  3 quokkas
  5 bats
  3 frilled lizards
  2 kobolds (D:4)
  4 rats
80 creatures vanquished.

Notes
Turn   | Place    | Note
-------+----------+-------------------------------------------
     0 | D:1      | DEFE the Coglin Fighter began the quest for the Orb.
     0 | D:1      | Reached XP level 1. HP: 18/18 MP: 1/1
   144 | D:1      | Reached XP level 2. HP: 20/24 MP: 2/2
   305 | D:1      | Found a faded altar of an unknown god.
   536 | D:1      | Reached XP level 3. HP: 28/28 MP: 3/3
   705 | D:2      | Noticed Natasha
   710 | D:2      | Killed Natasha
   711 | D:2      | Reached skill level 1 in Ranged Weapons
   775 | D:2      | Noticed Natasha
   781 | D:2      | Killed Natasha
   782 | D:2      | Reached skill level 2 in Ranged Weapons
   782 | D:2      | Reached XP level 4. HP: 14/35 MP: 4/4
   920 | D:2      | Noticed Natasha
   923 | D:2      | Killed Natasha
  1076 | D:2      | Noticed Jessica
  1082 | D:2      | Killed Jessica
  1083 | D:2      | Reached skill level 3 in Ranged Weapons
  1083 | D:2      | Reached XP level 5. HP: 17/41 MP: 5/5
  1669 | D:3      | Noticed Robin
  1691 | D:3      | Killed Robin
  1692 | D:3      | Reached skill level 4 in Ranged Weapons
  2202 | D:3      | Found a sacrificial altar of Ru.
  2328 | D:4      | Reached XP level 6. HP: 43/47 MP: 6/6
  2380 | D:4      | Found a stormy altar of Qazlal.
  2458 | D:4      | Reached skill level 5 in Ranged Weapons
  2844 | D:5      | Entered Level 5 of the Dungeon
  2861 | D:4      | Reached XP level 7. HP: 43/52 MP: 7/7
  2922 | D:5      | Reached skill level 6 in Ranged Weapons
  2926 | D:5      | Mangled by an ogre

Illustrated notes

Levels and vault maps discovered:
D:1:      minmay_arrival_statue_studded, layout_basic,
          shapermc_ecumenical_altar_flowoftime
D:2:      layout_basic, grunt_ministairs_15, nicolae_figureground_pulse,
          uniq_jessica, uniq_natasha
D:3:      layout_loops_ring, lemuel_round_altar, uniq_robin
D:4:      layout_gridville, mainiacjoe_overflow_alcove_4, st_stairs_10
D:5:      layout_cave_pools, minmay_temple_entry_glass, enter_ossuary_1,
          serial_shops, shop_fountains, nicolae_houndstooth_variations,
          uniq_eustachio

Skill      XL: |  1  2  3  4  5  6  7 |
---------------+----------------------+-----
Maces & Flails | 2 3 |  3.0
Ranged Weapons | 2 3 4 5 6 |  6.4
Fighting       | |  3.0
Armour         | |  2.6
Shields        | |  2.1

Action                     |  1- 3 |  4- 6 |  7- 9 || total
---------------------------+-------+-------+-------++-------
  Melee: Flail             |    72 |   121 |    23 ||   216
         Dagger            |    21 |   114 |    23 ||   158
    Use: Scroll            |       |     4 |     1 ||     5
         Potion            |       |     4 |       ||     4
 Armour: Scale mail        |    91 |   118 |    25 ||   234
  Dodge: Dodged            |    32 |    81 |    10 ||   123
  Block: Buckler           |    10 |       |       ||    10

Table legend: (Time is in decaauts)
 A = Elapsed time spent in this place.
 B = Non-inter-level travel time spent in this place.
 C = Inter-level travel time spent in this place.
 D = Time resting spent in this place.
 E = Time spent auto-exploring this place.
 F = Levels seen in this place.
 G = Mean time per level.
                   A        B        C        D        E       F      G
               +--------+--------+--------+--------+--------+-----+--------+
         Total |   2972 |   2872 |    100 |    312 |   1967 |   5 |  594.4 |
       Dungeon |   2972 |   2872 |    100 |    312 |   1967 |   5 |  594.4 |
               +--------+--------+--------+--------+--------+-----+--------+

Top non-repeatable levels by time:
     D:2: 832 daAuts
     D:3: 778 daAuts
     D:1: 715 daAuts
     D:4: 607 daAuts
     D:5: 40 daAuts
